 Dungeon Crawl Stone Soup version 0.22-a0-247-gbddf880 (webtiles) character file.

34 tsouns the Firebug (level 3, -6/24 HPs)
             Began as a Barachi Fire Elementalist on Feb 26, 2018.
             Mangled by a gnoll
             ... wielding a +2 halberd of venom
              (15 damage)
             ... on level 1 of the Dungeon.
             The game lasted 00:03:02 (1097 turns).

tsouns the Firebug (Barachi Fire Elementalist)      Turns: 1097, Time: 00:03:03

Health: -6/24      AC:  2    Str:  9    XL:     3   Next: 31%
Magic:  4/7        EV: 12    Int: 16    God:
Gold:   30         SH:  0    Dex: 12    Spells: 6/7 levels left

rFire    . . .     SeeInvis .   e - +0 dagger
rCold    . . .     Gourm    .   (no shield)
rNeg     . . .     Faith    .   a - +0 robe
rPois    .         Spirit   .   (no helmet)
rElec    .         Reflect  .   (no cloak)
rCorr    .         Harm     .   (no gloves)
MR       .....                  (no boots)
Stlth    ++........             (no amulet)
HPRegen  0.08/turn              (no ring)
MPRegen  0.10/turn              (no ring)

@: very slightly contaminated, slow
A: +LOS, swims, slowness 1, strong legs 1
a: Hop


You were on level 1 of the Dungeon.
You were not hungry.

You visited 1 branch of the dungeon, and saw 1 of its levels.

You collected 30 gold pieces.

Inventory:

Hand Weapons
 e - a +0 dagger (weapon)
Missiles
 f - 59 stones (quivered)
Armour
 a - a +0 robe (worn)
Scrolls
 c - a scroll of blinking {unknown}
Potions
 d - a potion of magic {unknown}
 g - a potion of lignification {unknown}
Comestibles
 b - 5 rations


   Skills:
 - Level 2.1 Dodging
 - Level 1.7 Stealth
 + Level 2.8 Spellcasting
 + Level 2.1 Conjurations
 + Level 3.8 Fire Magic


You had 6 spell levels left.
You knew the following spells:

 Your Spells              Type           Power        Failure   Level  Hunger
a - Flame Tongue          Conj/Fire      ##...        5%          1    #......


Dungeon Overview and Level Annotations

Branches:
Dungeon (1/15)

Altars:


Innate Abilities, Weirdness & Mutations

Shadows flee at your approach. (+LOS)
You can swim through water.
You cover ground slowly.
You can hop short distances.


Message History

Aiming: Flame Tongue (safe; 5% risk of failure)
Press: ? - help, Shift-Dir - straight line, f/p - gnoll
Aim: a gnoll, wielding a halberd of venom (moderately wounded)
You miscast Flame Tongue.
You are very lightly contaminated with residual magic.
Nothing appears to happen.
The gnoll hits you from afar with a halberd of venom!
Ouch! That really hurt!
A kobold comes into view.
Casting: Flame Tongue (safe; 5% risk of failure)
Confirm with . or Enter, or press ? or * to list all spells.
Aiming: Flame Tongue (safe; 5% risk of failure)
Press: ? - help, Shift-Dir - straight line, f/p - gnoll
Aim: a gnoll, wielding a halberd of venom (moderately wounded)
The flame tongue misses the gnoll.
The flame tongue hits the kobold.
You kill the kobold!
The kobold shouts!
The gnoll hits you from afar with a halberd of venom!
Ouch! That really hurt!
You die...

... #.........# ##...... #.#.
#.#######.# ##.#..### #.#.
...# #.# ##.#...# . ### #.#
#.####.###..# # #.#
#.......#...# # #.#
#########.#.## #.#.#
#....(......####
#####...######.######........
.........Kg.@......##..#.####
###.###.######.##...#..#.# #.
#....#....#.# ..
#..#...#.##.#
...######..##....##.#
.g..........########.#
....####.##.#########.# .....
#..............# ......
####.#########.#


You could see a gnoll and a kobold.

Vanquished Creatures
  A leopard gecko (D:1)
  2 bats (D:1)
  2 giant cockroaches (D:1)
  7 hobgoblins (D:1)
  6 jackals (D:1)
  A ball python (D:1)
  2 frilled lizards (D:1)
  3 goblins (D:1)
  3 kobolds (D:1)
  2 rats (D:1)
29 creatures vanquished.

Notes
Turn   | Place    | Note
-------+----------+-------------------------------------------
     0 | D:1      | tsouns the Barachi Fire Elementalist began the quest for the Orb.
     0 | D:1      | Reached XP level 1. HP: 13/13 MP: 3/3
   156 | D:1      | Reached XP level 2. HP: 4/19 MP: 1/5
   773 | D:1      | Reached XP level 3. HP: 24/24 MP: 5/7
  1097 | D:1      | Mangled by a gnoll

Vault maps used:
D:1:      evilmike_arrival_rings

Skill      XL: |  1  2 |
---------------+-------+-----
Conjurations   | 2 |  2.1
Dodging        | |  2.1
Stealth        | |  1.7
Spellcasting   | |  2.8
Fire Magic     | |  3.8

Action                   || total
-------------------------++-------
Melee: Unarmed           ||     5
       Dagger            ||     3
 Cast: Flame Tongue      ||    47
 Abil: Hop               ||     1
  Eat: Chunk             ||     1
Armor: Robe              ||     6
Dodge: Dodged            ||    29

Table legend:
 A = Spawn XP
 B = Non-spawn XP
 C = Spawn XP percentage of total XP
 D = Spawn monster count
 E = Non-spawn monster count
 F = Spawn count percentage of total count
 G = Total turns spent on level
                    A         B        C        D         E        F      G
               +---------+---------+-------+---------+---------+-------+---------
         Total |       0 |      49 |   0.0 |       0 |      29 |   0.0 |  1097
               +---------+---------+-------+---------+---------+-------+---------
           D:1 |       0 |      49 |   0.0 |       0 |      29 |   0.0 |  1097
               +---------+---------+-------+---------+---------+-------+---------
